 Dungeon Crawl Stone Soup version 0.29.0-4-gdea44cf6ec (webtiles) character file.

Game seed: 6545106878149370252

6 qw the Firebug (level 1, 0/15 HPs)
             Began as a Ghoul Fire Elementalist on Aug 29, 2022.
             Slain by a goblin
             ... wielding a +0 club
              (2 damage)
             ... on level 1 of the Dungeon.
             The game lasted 00:00:20 (477 turns).

qw the Firebug (Ghoul Fire Elementalist)             Turns: 477, Time: 00:00:21

Health: 0/15       AC:  2    Str: 11    XL:     1   Next: 90%
Magic:  2/2        EV: 12    Int: 10    God:
Gold:   0          SH:  0    Dex:  9    Spells: 2/3 levels left

rFire   . . .      SeeInvis .     - Unarmed
rCold   + . .      Faith    .   (no shield)
rNeg    + + +      Spirit   .   a - +0 robe
rPois   inf        Reflect  .   (no helmet)
rElec   .          Harm     .   (no cloak)
rCorr   .          Rampage  .   (no gloves)
Will    .....                   (no boots)
Stlth   ++........              (no amulet)
HPRegen 0.00/turn               (no ring)
MPRegen 0.08/turn               (no ring)

@: inhibited regen
A: claws 1, cold resistance 1, negative energy resistance 3, inhibited
regeneration, torment resistance 2, devour on kill
a: no special abilities


You were on level 1 of the Dungeon.
You visited 1 branch of the dungeon, and saw 1 of its levels.


Innate Abilities, Weirdness & Mutations

You are immune to poison.
You have sharp fingernails.
Your flesh is cold resistant. (rC+)
You are immune to negative energy. (rN+++)
You do not regenerate when monsters are visible.
You are immune to unholy pain and torment.
You thrive by killing the living.


   Skills:
 + Level 0.7 Fighting
 - Level 1.7 Dodging
 - Level 2.1 Stealth
 - Level 1.2 Unarmed Combat
 - Level 1.7 Spellcasting
 - Level 0.7 Conjurations
 - Level 2.4 Fire Magic


You had 2 spell levels left.
You knew the following spells:

 Your Spells              Type           Power      Damage    Failure   Level
a - Foxfire               Conj/Fire      16%        2x1d4     17%         1

Your spell library contained the following spells:

 Spells                   Type           Power      Damage    Failure   Level
 Scorch                   Fire           10%        2d5       19%         2
 Conjure Flame            Conj/Fire      4%         6-21      45%         3
 Inner Flame              Hex/Fire       3%         N/A       52%         3
 Flame Wave               Conj/Fire      4%         2d5       86%         4

Inventory:

Armour
 a - a +0 robe (worn)
Jewellery
 d - an amulet of faith
Scrolls
 c - a scroll of immolation {unknown}
 e - a scroll of poison {unknown}
Potions
 b - a potion of magic

Dungeon Overview and Level Annotations

Branches:
Dungeon (1/15)

Altars:


Message History

The quokka is lightly wounded.
The rat closely misses you. The quokka barely misses you.
You scratch the quokka.
You kill the quokka!
The rat barely misses you.
465 ||| Stepping ~*~*~tactically~*~*~ (outnumbered).
466 ||| Stepping ~*~*~tactically~*~*~ (outnumbered).
The rat attacks as you move away! The rat bites you but does no damage.
467 ||| Stepping ~*~*~tactically~*~*~ (outnumbered).
The goblin attacks as you move away! The goblin closely misses you.
The rat attacks as you move away! The rat bites you.
There is a stone staircase leading down here.
468 ||| Stepping ~*~*~tactically~*~*~ (outnumbered).
The rat attacks as you move away! The rat bites you.
469 ||| Stepping ~*~*~tactically~*~*~ (outnumbered).
470 ||| Stepping ~*~*~tactically~*~*~ (outnumbered).
471 ||| Stepping ~*~*~tactically~*~*~ (outnumbered).
The goblin attacks as you move away! The goblin misses you.
A bat comes into view.
472 ||| Stepping ~*~*~tactically~*~*~ (outnumbered).
The rat attacks as you move away! The rat closely misses you.
Found a brass ring.
The bat hits you but does no damage.
473 ||| Stepping ~*~*~tactically~*~*~ (outnumbered).
Found 16 gold pieces.
474 ||| Stepping ~*~*~tactically~*~*~ (outnumbered).
The goblin attacks as you move away! The goblin barely misses you.
The rat attacks as you move away! The rat closely misses you.
A rat comes into view.
The bat hits you but does no damage.
The rat twitches its whiskers.
475 ||| Stepping ~*~*~tactically~*~*~ (outnumbered).
A hobgoblin comes into view.
The hobgoblin shouts!
476 ||| Stepping ~*~*~tactically~*~*~ (outnumbered).
The rat attacks as you move away! The rat barely misses you.
The bat barely misses you.
You closely miss the goblin. The bat misses you.
The goblin hits you with a +0 club.
You die...

#.# #. ...# #. #####
#~..# #. #...# ~~..# #.
###...# ~~.~.# #.
#.....# #~..~.. #.
#..$..##~~..~~~
#.#########..g@~.#.#
..#....>.......r.~..~...
..............#b##.#~~##
..#####.#####...# .# ~~#
..#####.#####.#~..#. #
..............~~~....
...####.###r....=.##.#
#.# #.......+ .# #.#
.......#


You could see a goblin, a bat and 2 rats.

Vanquished Creatures
  A dart slug (D:1)
  A quokka (D:1)
  A ball python (D:1)
  A kobold (D:1)
  A rat (D:1)
5 creatures vanquished.

Notes
Turn   | Place    | Note
-------+----------+-------------------------------------------
     0 | D:1      | qw the Ghoul Fire Elementalist began the quest for the Orb.
     0 | D:1      | Reached XP level 1. HP: 14/14 MP: 2/2
     0 | D:1      | 0 ||| qw: Version: 0.1-a-90-g952f4b7
     0 | D:1      | 0 ||| qw: Game counter: 4034
     0 | D:1      | 0 ||| qw: Always use a shield: true
     0 | D:1      | 0 ||| qw: God list: Okawaru
     0 | D:1      | 0 ||| qw: Allow faded altars: false
     0 | D:1      | 0 ||| qw: Do Orc after D:15 true
     0 | D:1      | 0 ||| qw: Do second Lair branch before Depths: true
     0 | D:1      | 0 ||| qw: Lair rune preference: random
     0 | D:1      | 0 ||| qw: Plans: Normal
     0 | D:1      | 0 ||| PLANNING D:1-11
   163 | D:1      | HP: 3/14 [ball python (1)]
   390 | D:1      | Reached skill level 1 in Unarmed Combat
   465 | D:1      | 465 ||| Stepping ~*~*~tactically~*~*~ (outnumbered).
   466 | D:1      | 466 ||| Stepping ~*~*~tactically~*~*~ (outnumbered).
   467 | D:1      | 467 ||| Stepping ~*~*~tactically~*~*~ (outnumbered).
   468 | D:1      | 468 ||| Stepping ~*~*~tactically~*~*~ (outnumbered).
   468 | D:1      | HP: 2/15 [rat (2)]
   469 | D:1      | 469 ||| Stepping ~*~*~tactically~*~*~ (outnumbered).
   470 | D:1      | 470 ||| Stepping ~*~*~tactically~*~*~ (outnumbered).
   471 | D:1      | 471 ||| Stepping ~*~*~tactically~*~*~ (outnumbered).
   472 | D:1      | 472 ||| Stepping ~*~*~tactically~*~*~ (outnumbered).
   473 | D:1      | 473 ||| Stepping ~*~*~tactically~*~*~ (outnumbered).
   474 | D:1      | 474 ||| Stepping ~*~*~tactically~*~*~ (outnumbered).
   475 | D:1      | 475 ||| Stepping ~*~*~tactically~*~*~ (outnumbered).
   476 | D:1      | 476 ||| Stepping ~*~*~tactically~*~*~ (outnumbered).
   477 | D:1      | Slain by a goblin

Levels and vault maps discovered:
D:1:      minmay_arrival_split_and_join, layout_basic, serial_rivers,
          chequers_serial_rivers_micro_a, chequers_serial_rivers_room_a,
          chequers_serial_rivers_small_b, chequers_serial_rivers_small_b,
          chequers_serial_rivers_large_a, nicolae_ecumenical_lake_church,
          minmay_hexomino_r4

Skill      XL: |  1 |
---------------+----+-----
Unarmed Combat | 1 |  1.2
Fighting       | |  0.7
Dodging        | |  1.7
Stealth        | |  2.1
Spellcasting   | |  1.7
Conjurations   | |  0.7
Fire Magic     | |  2.4

Action                   || total
-------------------------++-------
Melee: Unarmed           ||    36
       Punch             ||     1
 Stab: Sleeping          ||     1
Armor: Robe              ||    11
Dodge: Dodged            ||    28

Table legend:
 A = Non-vault XP
 B = Vault XP
 C = Vault XP percentage of total XP
 D = Non-vault monster count
 E = Vault monster count
 F = Vault count percentage of total count
                 A         B        C        D         E       F
            +---------+---------+-------+---------+---------+-------
      Total |       9 |       0 |   0.0 |       5 |       0 |   0.0
            +---------+---------+-------+---------+---------+-------
        D:1 |       9 |       0 |   0.0 |       5 |       0 |   0.0
            +---------+---------+-------+---------+---------+-------
